 Dungeon Crawl Stone Soup version 0.30-a0-250-g41c1d76940 (webtiles) character file.

Game seed: 6762075203873983318

245 Anon1729 the Ducker (level 6, -5/39 HPs)
             Began as a Kobold Monk on Oct 12, 2022.
             Slain by an ogre
             ... wielding a +0 giant club
              (16 damage)
             ... on level 4 of the Dungeon.
             The game lasted 00:03:33 (3660 turns).

Anon1729 the Ducker (Kobold Monk)                   Turns: 3660, Time: 00:03:33

Health: -5/39      AC:  5    Str: 14    XL:     6   Next: 32%
Magic:  6/6        EV: 15    Int: 11    God:
Gold:   191        SH:  0    Dex: 17    Spells: 5/5 levels left

rFire   . . .      SeeInvis .    o - +0 trident
rCold   . . .      Faith    .    (shield currently unavailable)
rNeg    . . .      Spirit   .    n - +0 ring mail
rPois   .          Reflect  .    (no helmet)
rElec   +          Harm     .    t - scarf {shadows}
rCorr   .          Rampage  .    (no gloves)
Will    .....                    (no boots)
Stlth   ++........               r - amulet of Buwuaj {Acrobat rElec Regen+ Str+3}
HPRegen 1.06/turn                (no ring)
MPRegen 0.10/turn                (no ring)

@: confused, ambrosia-drunk
A: small, no large weapons, nightstalker 3
a: no special abilities


You were on level 4 of the Dungeon.
You visited 1 branch of the dungeon, and saw 4 of its levels.

You collected 191 gold pieces.

Inventory:

Hand Weapons
 a - a +0 spear
 o - a +0 trident (weapon)
Missiles
 j - 2 poisoned darts (quivered)
Armour
 b - a +0 robe
 n - a +0 ring mail (worn)
 t - a scarf of shadows (worn)
 u - the +8 plate armour of Free Will {-Cast rElec rC+ Dex+6}
   (You took it off a kobold on level 4 of the Dungeon)

   Dex:       It affects your dexterity (+6).
   rC:        It protects you from cold.
   rElec:     It insulates you from electricity.
   -Cast:     It prevents spellcasting.
Jewellery
 r - the amulet of Buwuaj (around neck) {Acrobat rElec Regen+ Str+3}
   (You found it on level 3 of the Dungeon)

   [amulet of the acrobat]

   It increases your evasion while moving and waiting.
   Str:       It affects your strength (+3).
   rElec:     It insulates you from electricity.
   Regen:     It increases your rate of health regeneration.
Scrolls
 d - 5 scrolls of identify {unknown}
 e - a scroll of enchant armour {unknown}
 f - a scroll of blinking {unknown}
 h - a scroll of noise {unknown}
 k - a scroll of teleportation {unknown}
 l - a scroll of silence {unknown}
 m - a scroll of poison {unknown}
 p - a scroll of amnesia {unknown}
Potions
 g - a potion of degeneration {unknown}
 i - a potion of cancellation {unknown}
 q - a potion of haste {unknown}
 s - a potion of magic {unknown}


   Skills:
 + Level 4.4 Fighting
 - Level 2.4(2.8) Polearms
 + Level 2.1(2.8) Staves
 + Level 4.9 Dodging
 + Level 4.6 Stealth
 + Level 2.4 Evocations


You had 5 spell levels left.
You didn't know any spells.
Your spell library was empty.

Dungeon Overview and Level Annotations

Branches:
Dungeon (4/15)
 Temple: D:4-7

Altars:
Cheibriados
Elyvilon
Fedhas
Gozag
Zin

Shops:
D:3 *

Annotations:
D:3 exclusion: downstairs


Innate Abilities, Weirdness & Mutations

You are small and have problems with some larger weapons.
You are completely attuned to the shadows.


Message History

No target in view!
No target in view!
No target in view!
Unknown command.
No target in view!
Found a whip.
You see here a +0 whip.
You see here a +0 whip.
An ogre comes into view. It is wielding a +0 giant club.
An ogre is nearby!
An ogre is nearby!
You reach to attack!
The helpless ogre fails to defend itself.
You hit the ogre.
The ogre is lightly wounded.
You hit the ogre.
The ogre is moderately wounded.
The ogre hits you with a +0 giant club!!
Ouch! That really hurt!
* * * LOW HITPOINT WARNING * * *
You are too injured to fight recklessly!
You are too injured to fight recklessly!
You are too injured to fight recklessly!
You are too injured to fight recklessly!
You are too injured to fight recklessly!
You are too injured to fight recklessly!
You are too injured to fight recklessly!
You are too injured to fight recklessly!
You are too injured to fight recklessly!
You are too injured to fight recklessly!
You are too injured to fight recklessly!
You are too injured to fight recklessly!
You are too injured to fight recklessly!
You are too injured to fight recklessly!
You are too injured to fight recklessly!
You aren't carrying any items that you can evoke.
You are confused.
You feel invigorated. The ogre misses you. The ogre attacks as you move away!
The ogre hits you with a +0 giant club!
You die...

...........# #)..#
...........# #...#
###........#####...#
# #..##..##...)....#
+.....#.###........#
#####.#.###......###
#####'#'#........#
##...............#
##..............@#
##.....>........O#
##................
.+.................
##..........
######+##..


You could see an ogre.

Vanquished Creatures
  An ogre (D:4)
  An iguana (D:4)
  An orc wizard (D:4)
  3 adders
  2 worms
  2 dart slugs (D:2)
  5 orcs
  6 ball pythons
  3 bats
  9 endoplasms
  A giant cockroach (D:1)
  6 goblins
  7 hobgoblins
  3 jackals (D:2)
  6 frilled lizards
  8 kobolds
  3 rats
67 creatures vanquished.

Vanquished Creatures (others)
  7 fungi (D:4)
7 creatures vanquished.

Grand Total: 74 creatures vanquished

Notes
Turn   | Place    | Note
-------+----------+-------------------------------------------
     0 | D:1      | Anon1729 the Kobold Monk began the quest for the Orb.
     0 | D:1      | Reached XP level 1. HP: 14/14 MP: 1/1
   186 | D:1      | Reached XP level 2. HP: 6/19 MP: 2/2
   980 | D:2      | Reached XP level 3. HP: 23/23 MP: 3/3
  1039 | D:2      | Reached skill level 1 in Staves
  1564 | D:2      | Found a snail-covered altar of Cheibriados.
  1601 | D:2      | Reached XP level 4. HP: 17/29 MP: 4/4
  2092 | D:3      | Reached skill level 1 in Evocations
  2152 | D:3      | Found Zin's Purification Station.
  2153 | D:3      | Found a glowing silver altar of Zin.
  2236 | D:3      | Found an opulent altar of Gozag.
  2415 | D:3      | Found a white marble altar of Elyvilon.
  2827 | D:3      | Identified the amulet of Buwuaj {Acrobat rElec Regen+
                  | Str+3}
  2860 | D:3      | Reached XP level 5. HP: 33/33 MP: 5/5
  2903 | D:3      | Found a blossoming altar of Fedhas.
  3261 | D:4      | Noticed an ogre
  3393 | D:4      | Identified the +8 plate armour of Free Will {-Cast rElec
                  | rC+ Dex+6}
  3462 | D:4      | Identified the +6 whip of Viesar {holy, Str+4}
  3587 | D:4      | Killed an ogre
  3588 | D:4      | Reached XP level 6. HP: 39/39 MP: 6/6
  3655 | D:4      | Noticed an ogre
  3660 | D:4      | Slain by an ogre

Illustrated notes

Levels and vault maps discovered:
D:1:      amcnicky_arrival_feature_with_door, layout_loops_ring,
          minmay_misc_feat_nine_boxes
D:2:      layout_basic, basic_altar, hangedman_decor_points
D:3:      layout_loops_corners, amcnicky_altar_gilded, elyvilon_altar_1,
          zin_purify, fedhas_altar_fruit_tree, hex_large
D:4:      layout_basic, mainiacjoe_overflow_alcove_4, uniq_menkaure

Skill      XL: |  1  2  3  4  5 |
---------------+----------------+-----
Stealth        | 3 4 |  4.6
Dodging        | 4 |  4.9
Staves         | 1 2 |  2.1
Evocations     | 1 2 |  2.4
Fighting       | 4 |  4.4
Polearms       | |  2.4

Action                   |  1- 3 |  4- 6 || total
-------------------------+-------+-------++-------
Melee: Spear             |   135 |     3 ||   138
       Trident           |       |   118 ||   118
Throw: Dart              |       |     2 ||     2
  Use: Potion            |       |     1 ||     1
 Stab: Sleeping          |    20 |    15 ||    35
       Distracted        |       |     1 ||     1
Armor: Robe              |     7 |       ||     7
       Ring mail         |     2 |    23 ||    25
Dodge: Dodged            |    56 |    53 ||   109

Table legend: (Time is in decaauts)
 A = Elapsed time spent in this place.
 B = Non-inter-level travel time spent in this place.
 C = Inter-level travel time spent in this place.
 D = Time resting spent in this place.
 E = Time spent auto-exploring this place.
 F = Levels seen in this place.
 G = Mean time per level.
                   A        B        C        D        E       F      G
               +--------+--------+--------+--------+--------+-----+--------+
         Total |   3674 |   3509 |    165 |     56 |   2908 |   4 |  918.5 |
       Dungeon |   3674 |   3509 |    165 |     56 |   2908 |   4 |  918.5 |
               +--------+--------+--------+--------+--------+-----+--------+

Top non-repeatable levels by time:
     D:3: 1266 daAuts
     D:2: 1130 daAuts
     D:1: 943 daAuts
     D:4: 333 daAuts
